Workbook
Name _______________OR1: #REF!
Name _______________OR12: #REF!
Name _______________OR13: #REF!
Name _______________OR14: #REF!
Name _______________OR15: #REF!
Name _______________OR16: #REF!
Name _______________OR17: #REF!
Name _______________OR18: #REF!
Name _______________OR19: #REF!
Name _______________OR2: #REF!
Name _______________OR3: #REF!
Name _______________OR4: #REF!
Name _______________OR5: #REF!
Name _______________OR6: #REF!
Name _______________OR7: #REF!
Name _______________OR8: #REF!
Name _______________OR9: #REF!
Name _______________tab0198: #REF!
Name ______________OR1: #REF!
Name ______________OR12: #REF!
Name ______________OR13: #REF!
Name ______________OR14: #REF!
Name ______________OR15: #REF!
Name ______________OR16: #REF!
Name ______________OR17: #REF!
Name ______________OR18: #REF!
Name ______________OR19: #REF!
Name ______________OR2: #REF!
Name ______________OR3: #REF!
Name ______________OR4: #REF!
Name ______________OR5: #REF!
Name ______________OR6: #REF!
Name ______________OR7: #REF!
Name ______________OR8: #REF!
Name ______________OR9: #REF!
Name ______________tab0198: #REF!
Name _____________OR1: #REF!
Name _____________OR12: #REF!
Name _____________OR13: #REF!
Name _____________OR14: #REF!
Name _____________OR15: #REF!
Name _____________OR16: #REF!
Name _____________OR17: #REF!
Name _____________OR18: #REF!
Name _____________OR19: #REF!
Name _____________OR2: #REF!
Name _____________OR3: #REF!
Name _____________OR4: #REF!
Name _____________OR5: #REF!
Name _____________OR6: #REF!
Name _____________OR7: #REF!
Name _____________OR8: #REF!
Name _____________OR9: #REF!
Name _____________tab0198: #REF!
Name ____________OR1: #REF!
Name ____________OR12: #REF!
Name ____________OR13: #REF!
Name ____________OR14: #REF!
Name ____________OR15: #REF!
Name ____________OR16: #REF!

Sheet RESUMO
B2: CONTRATO | C2: Nº 85/2026 | G2: BDI Serviços: | H2: 0.2216
B3: PROJETO: | C3: PROJETOS BÁSICO E EXECUTIVO DO LOTEAMENTO NOVO HORIZONTE | G3: BDI Diferenc: | H3: 0.1528
B4: LOCALIZ: | C4: ESTRADA DA ARROZEIRA x RUA RIO GRANDE DO SUL - CENTRO NOVO - ELDORADO DO SUL/RS | G4: Enc. Sociais: | H4: Sem Deson
B5: CLIENTE: | C5: PREFEITURA MUNIC. DE ELDORADO DO SUL / RS - SECRET. MUNIC. OBRAS E INFRAESTRUT. | G5: Sinapi/RS: | H5: Maio/26
B6: OBJETO: | C6: PLANILHA RESUMO DO ORÇAMENTO - SEM DESONERAÇÃO | G6: Data Orçamento: | H6: Julho/26
B7: ITEM | C7: DESCRIÇÃO | E7: % S/ BDI | F7: TOTAL R$ S/ BDI | G7: % C/ BDI | H7: TOTAL R$ C/ BDI
B8: 1 | C8: =VLOOKUP(B8,PLAN_ORÇAM!$C$9:$L$612,4,FALSE) -> ADMINISTRAÇÃO LOCAL | E8: =F8/$F$24 -> #DIV/0! | F8: =IFERROR(VLOOKUP(B8,PLAN_ORÇAM!$C$9:$L$612,8,FALSE),0) -> 0 | G8: =H8/$H$24 -> #DIV/0! | H8: =IFERROR(VLOOKUP(B8,PLAN_ORÇAM!$C$9:$L$612,10,FALSE),0) -> 0
B9: 2 | C9: =VLOOKUP(B9,PLAN_ORÇAM!$C$9:$L$612,4,FALSE) -> INSTALAÇÕES DO CANTEIRO DE OBRAS | E9: =F9/$F$24 -> #DIV/0! | F9: =IFERROR(VLOOKUP(B9,PLAN_ORÇAM!$C$9:$L$612,8,FALSE),0) -> 0 | G9: =H9/$H$24 -> #DIV/0! | H9: =IFERROR(VLOOKUP(B9,PLAN_ORÇAM!$C$9:$L$612,10,FALSE),0) -> 0
B10: 3 | C10: =VLOOKUP(B10,PLAN_ORÇAM!$C$9:$L$612,4,FALSE) -> MOBILIZAÇÃO E DESMOBILIZAÇÃO | E10: =F10/$F$24 -> #DIV/0! | F10: =IFERROR(VLOOKUP(B10,PLAN_ORÇAM!$C$9:$L$612,8,FALSE),0) -> 0 | G10: =H10/$H$24 -> #DIV/0! | H10: =IFERROR(VLOOKUP(B10,PLAN_ORÇAM!$C$9:$L$612,10,FALSE),0) -> 0
B11: 4 | C11: =VLOOKUP(B11,PLAN_ORÇAM!$C$9:$L$612,4,FALSE) -> TERRAPLENAGEM | E11: =F11/$F$24 -> #DIV/0! | F11: =IFERROR(VLOOKUP(B11,PLAN_ORÇAM!$C$9:$L$612,8,FALSE),0) -> 0 | G11: =H11/$H$24 -> #DIV/0! | H11: =IFERROR(VLOOKUP(B11,PLAN_ORÇAM!$C$9:$L$612,10,FALSE),0) -> 0
B12: 5 | C12: =VLOOKUP(B12,PLAN_ORÇAM!$C$9:$L$612,4,FALSE) -> REDE DE DRENAGEM PLUVIAL | E12: =F12/$F$24 -> #DIV/0! | F12: =IFERROR(VLOOKUP(B12,PLAN_ORÇAM!$C$9:$L$612,8,FALSE),0) -> 0 | G12: =H12/$H$24 -> #DIV/0! | H12: =IFERROR(VLOOKUP(B12,PLAN_ORÇAM!$C$9:$L$612,10,FALSE),0) -> 0
B13: 6 | C13: =VLOOKUP(B13,PLAN_ORÇAM!$C$9:$L$612,4,FALSE) -> REDE DE ESGOTO SANITÁRIO | E13: =F13/$F$24 -> #DIV/0! | F13: =IFERROR(VLOOKUP(B13,PLAN_ORÇAM!$C$9:$L$612,8,FALSE),0) -> 0 | G13: =H13/$H$24 -> #DIV/0! | H13: =IFERROR(VLOOKUP(B13,PLAN_ORÇAM!$C$9:$L$612,10,FALSE),0) -> 0
B14: 7 | C14: =VLOOKUP(B14,PLAN_ORÇAM!$C$9:$L$612,4,FALSE) -> REDE DE ÁGUA POTÁVEL | E14: =F14/$F$24 -> #DIV/0! | F14: =IFERROR(VLOOKUP(B14,PLAN_ORÇAM!$C$9:$L$612,8,FALSE),0) -> 0 | G14: =H14/$H$24 -> #DIV/0! | H14: =IFERROR(VLOOKUP(B14,PLAN_ORÇAM!$C$9:$L$612,10,FALSE),0) -> 0
B15: 8 | C15: =VLOOKUP(B15,PLAN_ORÇAM!$C$9:$L$612,4,FALSE) -> REDE DE ENERGIA ELÉTRICA | E15: =F15/$F$24 -> #DIV/0! | F15: =IFERROR(VLOOKUP(B15,PLAN_ORÇAM!$C$9:$L$612,8,FALSE),0) -> 0 | G15: =H15/$H$24 -> #DIV/0! | H15: =IFERROR(VLOOKUP(B15,PLAN_ORÇAM!$C$9:$L$612,10,FALSE),0) -> 0
B16: 9 | C16: =VLOOKUP(B16,PLAN_ORÇAM!$C$9:$L$612,4,FALSE) -> PAVIMENTAÇÃO | E16: =F16/$F$24 -> #DIV/0! | F16: =IFERROR(VLOOKUP(B16,PLAN_ORÇAM!$C$9:$L$612,8,FALSE),0) -> 0 | G16: =H16/$H$24 -> #DIV/0! | H16: =IFERROR(VLOOKUP(B16,PLAN_ORÇAM!$C$9:$L$612,10,FALSE),0) -> 0
B17: 10 | C17: =VLOOKUP(B17,PLAN_ORÇAM!$C$9:$L$612,4,FALSE) -> MURO DE CONTENÇÃO EM CONCRETO ARMADO | E17: =F17/$F$24 -> #DIV/0! | F17: =IFERROR(VLOOKUP(B17,PLAN_ORÇAM!$C$9:$L$612,8,FALSE),0) -> 0 | G17: =H17/$H$24 -> #DIV/0! | H17: =IFERROR(VLOOKUP(B17,PLAN_ORÇAM!$C$9:$L$612,10,FALSE),0) -> 0
B18: 11 | C18: =VLOOKUP(B18,PLAN_ORÇAM!$C$9:$L$612,4,FALSE) -> SINALIZAÇÃO VIÁRIA | E18: =F18/$F$24 -> #DIV/0! | F18: =IFERROR(VLOOKUP(B18,PLAN_ORÇAM!$C$9:$L$612,8,FALSE),0) -> 0 | G18: =H18/$H$24 -> #DIV/0! | H18: =IFERROR(VLOOKUP(B18,PLAN_ORÇAM!$C$9:$L$612,10,FALSE),0) -> 0
B19: 12 | C19: =VLOOKUP(B19,PLAN_ORÇAM!$C$9:$L$612,4,FALSE) -> URBANIZAÇÃO | E19: =F19/$F$24 -> #DIV/0! | F19: =IFERROR(VLOOKUP(B19,PLAN_ORÇAM!$C$9:$L$612,8,FALSE),0) -> 0 | G19: =H19/$H$24 -> #DIV/0! | H19: =IFERROR(VLOOKUP(B19,PLAN_ORÇAM!$C$9:$L$612,10,FALSE),0) -> 0
... B22: 15 | C22: =VLOOKUP(B22,PLAN_ORÇAM!$C$9:$L$612,4,FALSE) -> LINHA DE RECALQUE DE ESGOTO | E22: =F22/$F$24 -> #DIV/0! | F22: =IFERROR(VLOOKUP(B22,PLAN_ORÇAM!$C$9:$L$612,8,FALSE),0) -> 0 | G22: =H22/$H$24 -> #DIV/0! | H22: =IFERROR(VLOOKUP(B22,PLAN_ORÇAM!$C$9:$L$612,10,FALSE),0) -> 0
C24: TOTAL DO ORÇAMENTO C/ BDI | E24: =SUBTOTAL(9,E8:E23) -> #DIV/0! | F24: =SUBTOTAL(9,F8:F23) -> 0 | G24: =SUBTOTAL(9,G8:G23) -> #DIV/0! | H24: =SUBTOTAL(9,H8:H23) -> 0

Sheet PLAN_ORÇAM
C2: CONTRATO | D2: Nº 85/2026 | K2: BDI Serviços: | L2: 0.2216
C3: PROJETO: | D3: PROJETOS BÁSICO E EXECUTIVO DO LOTEAMENTO NOVO HORIZONTE | K3: BDI Diferenc: | L3: 0.1528
C4: LOCALIZ: | D4: ESTRADA DA ARROZEIRA x RUA RIO GRANDE DO SUL - CENTRO NOVO - ELDORADO DO SUL/RS | K4: Enc. Sociais: | L4: Sem Deson
C5: CLIENTE: | D5: PREFEITURA MUNIC. DE ELDORADO DO SUL / RS - SECRET. MUNIC. OBRAS E INFRAESTRUT. | K5: Sinapi/RS: | L5: Maio/26
C6: OBJETO: | D6: PLANILHA DE QUANTIDADES E PREÇOS DO ORÇAMENTO - SEM DESONERAÇÃO | K6: Data Orçamento: | L6: Julho/26
C7: LOTEAMENTO NOVO HORIZONTE | I7: TOTAL R$ S/ BDI: | J7: =SUBTOTAL(9,J9:J612) -> 0 | K7: TOTAL R$ C/ BDI: | L7: =SUBTOTAL(9,L9:L612) -> #VALUE!
C8: ITEM | D8: REF. | E8: CÓDIGO | F8: DESCRIÇÃO | G8: UNID | H8: QUANT. | I8: PREÇO UNIT. (R$) (S/ BDI) | J8: PREÇO TOT. (R$) (S/ BDI) | K8: PREÇO UNIT. (R$) (C/ BDI) | L8: PREÇO TOTAL (R$) - (C/ BDI)
C9: 1 | F9: ADMINISTRAÇÃO LOCAL | J9: =SUBTOTAL(9,J10:J20) -> 0 | L9: =SUBTOTAL(9,L10:L20) -> #VALUE!
C10: 1.1 | F10: ADMINISTRAÇÃO DAS OBRAS | J10: =SUBTOTAL(9,J11:J20) -> 0 | L10: =SUBTOTAL(9,L11:L20) -> #VALUE!
C11: 1.1.1 | D11: SINAPI | E11: 93567 | F11: ENGENHEIRO CIVIL DE OBRA PLENO COM ENCARGOS COMPLEMENTARES | G11: MES | H11: 5 | I11: 0 | J11: =ROUND(I11*H11,2) -> 0 | K11: =IF(I11=0,"",ROUND(I11*(1+$L$2),2)) | L11: =ROUND(K11*H11,2) -> #VALUE!
C12: 1.1.2 | D12: SINAPI | E12: 93572 | F12: ENCARREGADO GERAL DE OBRAS COM ENCARGOS COMPLEMENTARES | G12: MES | H12: 10 | I12: 0 | J12: =ROUND(I12*H12,2) -> 0 | K12: =IF(I12=0,"",ROUND(I12*(1+$L$2),2)) | L12: =ROUND(K12*H12,2) -> #VALUE!
C13: 1.1.3 | D13: SINAPI | E13: 101390 | F13: AUXILIAR TÉCNICO / ASSISTENTE DE ENGENHARIA COM ENCARGOS COMPLEMENTARES | G13: MES | H13: 10 | I13: 0 | J13: =ROUND(I13*H13,2) -> 0 | K13: =IF(I13=0,"",ROUND(I13*(1+$L$2),2)) | L13: =ROUND(K13*H13,2) -> #VALUE!
C14: 1.1.4 | D14: SINAPI | E14: 100321 | F14: TÉCNICO EM SEGURANÇA DO TRABALHO COM ENCARGOS COMPLEMENTARES | G14: MES | H14: 5 | I14: 0 | J14: =ROUND(I14*H14,2) -> 0 | K14: =IF(I14=0,"",ROUND(I14*(1+$L$2),2)) | L14: =ROUND(K14*H14,2) -> #VALUE!
C15: 1.1.5 | D15: SINAPI | E15: 94296 | F15: TOPOGRAFO COM ENCARGOS COMPLEMENTARES | G15: MES | H15: 8 | I15: 0 | J15: =ROUND(I15*H15,2) -> 0 | K15: =IF(I15=0,"",ROUND(I15*(1+$L$2),2)) | L15: =ROUND(K15*H15,2) -> #VALUE!
C16: 1.1.6 | D16: SINAPI | E16: 101389 | F16: AUXILIAR DE TOPÓGRAFO COM ENCARGOS COMPLEMENTARES | G16: MES | H16: 16 | I16: 0 | J16: =ROUND(I16*H16,2) -> 0 | K16: =IF(I16=0,"",ROUND(I16*(1+$L$2),2)) | L16: =ROUND(K16*H16,2) -> #VALUE!
C17: 1.1.7 | D17: SINAPI | E17: 101456 | F17: TÉCNICO DE LABORATÓRIO E CAMPO DE CONSTRUÇÃO COM ENCARGOS COMPLEMENTARES | G17: MES | H17: 8 | I17: 0 | J17: =ROUND(I17*H17,2) -> 0 | K17: =IF(I17=0,"",ROUND(I17*(1+$L$2),2)) | L17: =ROUND(K17*H17,2) -> #VALUE!
C18: 1.1.8 | D18: SINAPI | E18: 101385 | F18: AUXILIAR DE LABORATORISTA DE SOLOS E DE CONCRETO COM ENCARGOS COMPLEMENTARES | G18: MES | H18: 8 | I18: 0 | J18: =ROUND(I18*H18,2) -> 0 | K18: =IF(I18=0,"",ROUND(I18*(1+$L$2),2)) | L18: =ROUND(K18*H18,2) -> #VALUE!
C19: 1.1.9 | D19: SINAPI | E19: 101460 | F19: VIGIA DIURNO COM ENCARGOS COMPLEMENTARES | G19: MES | H19: 10 | I19: 0 | J19: =ROUND(I19*H19,2) -> 0 | K19: =IF(I19=0,"",ROUND(I19*(1+$L$2),2)) | L19: =ROUND(K19*H19,2) -> #VALUE!
C20: 1.1.10 | D20: COMPOS | E20: COMP-001 | F20: VIGIA NOTURNO COM ENCARGOS COMPLEMENTARES | G20: MÊS | H20: 10 | I20: 0 | J20: =ROUND(I20*H20,2) -> 0 | K20: =IF(I20=0,"",ROUND(I20*(1+$L$2),2)) | L20: =ROUND(K20*H20,2) -> #VALUE!
C21: 2 | F21: INSTALAÇÕES DO CANTEIRO DE OBRAS | J21: =SUBTOTAL(9,J22:J63) -> 0 | L21: =SUBTOTAL(9,L22:L63) -> #VALUE!
C22: 2.1 | F22: SERVIÇOS INICIAIS - PREPARO DO TERRENO | J22: =SUBTOTAL(9,J23:J31) -> 0 | L22: =SUBTOTAL(9,L23:L31) -> #VALUE!
C23: 2.1.1 | D23: SINAPI | E23: 98525 | F23: LIMPEZA MECANIZADA DE CAMADA VEGETAL, VEGETAÇÃO E PEQUENAS ÁRVORES (DIÂMETRO DE TRONCO MENOR QUE 0,20 M), COM TRATOR DE ESTEIRAS. AF_03/2024 | G23: M2 | H23: 680 | I23: 0 | J23: =ROUND(I23*H23,2) -> 0 | K23: =IF(I23=0,"",ROUND(I23*(1+$L$2),2)) | L23: =ROUND(K23*H23,2) -> #VALUE!
C24: 2.1.2 | D24: SINAPI | E24: 98524 | F24: LIMPEZA MANUAL DE VEGETAÇÃO EM TERRENO COM ENXADA. AF_03/2024 | G24: M2 | H24: 120 | I24: 0 | J24: =ROUND(I24*H24,2) -> 0 | K24: =IF(I24=0,"",ROUND(I24*(1+$L$2),2)) | L24: =ROUND(K24*H24,2) -> #VALUE!
C25: 2.1.3 | D25: COMPOS | E25: COMP-002 | F25: REGULARIZAÇÃO E COMPACTAÇÃO MECÂNICA DE SUBLEITO | G25: M2 | H25: 800 | I25: 0 | J25: =ROUND(I25*H25,2) -> 0 | K25: =IF(I25=0,"",ROUND(I25*(1+$L$2),2)) | L25: =ROUND(K25*H25,2) -> #VALUE!
C26: 2.1.4 | D26: SINAPI | E26: 100975 | F26: CARGA, MANOBRA E DESCARGA DE SOLOS E MATERIAIS GRANULARES EM CAMINHÃO BASCULANTE 14 M³ (MAT PARA LASTRO DE BRITA) | G26: M3 | H26: 55.2 | I26: 0 | J26: =ROUND(I26*H26,2) -> 0 | K26: =IF(I26=0,"",ROUND(I26*(1+$L$2),2)) | L26: =ROUND(K26*H26,2) -> #VALUE!
C27: 2.1.5 | D27: SINAPI | E27: 95876 | F27: TRANSPORTE COM CAMINHÃO BASCULANTE DE 14 M³, EM VIA URBANA PAVIMENTADA, DMT ATÉ 30 KM (MAT PARA LASTRO DE BRITA) | G27: M3XKM | H27: 828 | I27: 0 | J27: =ROUND(I27*H27,2) -> 0 | K27: =IF(I27=0,"",ROUND(I27*(1+$L$2),2)) | L27: =ROUND(K27*H27,2) -> #VALUE!
C28: 2.1.6 | D28: SINAPI | E28: 96622 | F28: LASTRO COM MATERIAL GRANULAR, APLICADO EM PISOS OU LAJES SOBRE SOLO, ESPESSURA DE *5 CM*. AF_01/2024 | G28: M3 | H28: 40 | I28: 0 | J28: =ROUND(I28*H28,2) -> 0 | K28: =IF(I28=0,"",ROUND(I28*(1+$L$2),2)) | L28: =ROUND(K28*H28,2) -> #VALUE!
C29: 2.1.7 | D29: SINAPI | E29: 100975 | F29: CARGA, MANOBRA E DESCARGA DE SOLOS E MATERIAIS GRANULARES EM CAMINHÃO BASCULANTE 14 M³ - CARGA COM PÁ CARREGADEIRA (CAÇAMBA DE 1,7 A 2,8 M³ / 128 HP) E DESCARGA LIVRE (UNIDADE: M3). AF_07/2020 | G29: M3 | H29: 206.8 | I29: 0 | J29: =ROUND(I29*H29,2) -> 0 | K29: =IF(I29=0,"",ROUND(I29*(1+$L$2),2)) | L29: =ROUND(K29*H29,2) -> #VALUE!
C30: 2.1.8 | D30: SINAPI | E30: 95876 | F30: TRANSPORTE COM CAMINHÃO BASCULANTE DE 14 M³, EM VIA URBANA PAVIMENTADA, DMT ATÉ 30 KM (UNIDADE: M3XKM). AF_07/2020 | G30: M3XKM | H30: 5376.8 | I30: 0 | J30: =ROUND(I30*H30,2) -> 0 | K30: =IF(I30=0,"",ROUND(I30*(1+$L$2),2)) | L30: =ROUND(K30*H30,2) -> #VALUE!
C31: 2.1.9 | D31: SINAPI | E31: 100574 | F31: ESPALHAMENTO DE MATERIAL COM TRATOR DE ESTEIRAS. | G31: M3 | H31: 206.8 | I31: 0 | J31: =ROUND(I31*H31,2) -> 0 | K31: =IF(I31=0,"",ROUND(I31*(1+$L$2),2)) | L31: =ROUND(K31*H31,2) -> #VALUE!
C32: 2.2 | F32: CANTEIRO DE OBRAS | J32: =SUBTOTAL(9,J33:J43) -> 0 | L32: =SUBTOTAL(9,L33:L43) -> #VALUE!
C33: 2.2.1 | D33: COMPOS | E33: COMP-005 | F33: PLACA DE OBRA - PREFEITURA | G33: M2 | H33: 3.75 | I33: 0 | J33: =ROUND(I33*H33,2) -> 0 | K33: =IF(I33=0,"",ROUND(I33*(1+$L$2),2)) | L33: =ROUND(K33*H33,2) -> #VALUE!
C34: 2.2.2 | D34: COMPOS | E34: COMP-006 | F34: PLACA DE OBRA - CONSTRUTORA | G34: M2 | H34: 3.75 | I34: 0 | J34: =ROUND(I34*H34,2) -> 0 | K34: =IF(I34=0,"",ROUND(I34*(1+$L$2),2)) | L34: =ROUND(K34*H34,2) -> #VALUE!
C35: 2.2.3 | D35: COMPOS | E35: COMP-007 | F35: PLACA DE OBRA - AMBIENTAL | G35: M2 | H35: 1.5 | I35: 0 | J35: =ROUND(I35*H35,2) -> 0 | K35: =IF(I35=0,"",ROUND(I35*(1+$L$2),2)) | L35: =ROUND(K35*H35,2) -> #VALUE!
C36: 2.2.4 | D36: SINAPI-I | E36: 10776 | F36: LOCACAO DE CONTAINER 2,30 X 6,00 M, ALT. 2,50 M, PARA ESCRITORIO, SEM DIVISORIAS INTERNAS E SEM SANITARIO. | G36: MES | H36: 10 | I36: 0 | J36: =ROUND(I36*H36,2) -> 0 | K36: =IF(I36=0,"",ROUND(I36*(1+$L$2),2)) | L36: =ROUND(K36*H36,2) -> #VALUE!
C37: 2.2.5 | D37: COMPOS | E37: COMP-008 | F37: LOCACAO DE CONTAINER REFEITÓRIO 2,30 X 6,00 M, ALT. 2,50 M, COM INSTALAÇÕES BÁSICAS DE COZINHA, MESAS E ASSENTOS PARA ATE 8 PESSOAS. | G37: MES | H37: 10 | I37: 0 | J37: =ROUND(I37*H37,2) -> 0 | K37: =IF(I37=0,"",ROUND(I37*(1+$L$2),2)) | L37: =ROUND(K37*H37,2) -> #VALUE!
C38: 2.2.6 | D38: SINAPI-I | E38: 10778 | F38: LOCACAO DE CONTAINER 2,30 X 6,00 M, ALT. 2,50 M, PARA SANITARIO, COM 4 BACIAS, 8 CHUVEIROS,1 LAVATORIO E 1 MICTORIO (NAO INCLUI MOBILIZACAO/DESMOBILIZACAO) | G38: MES | H38: 10 | I38: 0 | J38: =ROUND(I38*H38,2) -> 0 | K38: =IF(I38=0,"",ROUND(I38*(1+$L$2),2)) | L38: =ROUND(K38*H38,2) -> #VALUE!
C39: 2.2.7 | D39: COMPOS | E39: COMP-009 | F39: LOCAÇÃO DE CONTAINER ALMOXARIFADO, DE *2,40* X *6,00* M, PADRAO SIMPLES, SEM REVESTIMENTO E SEM DIVISORIAS INTERNOS E SEM SANITARIO. | G39: MES | H39: 10 | I39: 0 | J39: =ROUND(I39*H39,2) -> 0 | K39: =IF(I39=0,"",ROUND(I39*(1+$L$2),2)) | L39: =ROUND(K39*H39,2) -> #VALUE!
C40: 2.2.8 | D40: COMPOS | E40: COMP-050 | F40: LOCACAO DE CONTAINER LABORATÓRIO, 2,30 X 6,00 M, ALT. 2,50 M, COM INSTALAÇÕES BÁSICAS DE LAVATÓRIO E BANCADA | G40: MES | H40: 10 | I40: 0 | J40: =ROUND(I40*H40,2) -> 0 | K40: =IF(I40=0,"",ROUND(I40*(1+$L$2),2)) | L40: =ROUND(K40*H40,2) -> #VALUE!
C41: 2.2.9 | D41: COMPOS | E41: COMP-010 | F41: EXECUÇÃO DE ÁREA COBERTA PARA CENTRAL DE FÔRMAS EM CANTEIRO DE OBRA. | G41: M2 | H41: 14.4 | I41: 0 | J41: =ROUND(I41*H41,2) -> 0 | K41: =IF(I41=0,"",ROUND(I41*(1+$L$2),2)) | L41: =ROUND(K41*H41,2) -> #VALUE!
C42: 2.2.10 | D42: COMPOS | E42: COMP-011 | F42: EXECUÇÃO DE ÁREA COBERTA PARA CENTRAL DE ARMADURAS EM CANTEIRO DE OBRA. | G42: M2 | H42: 14.4 | I42: 0 | J42: =ROUND(I42*H42,2) -> 0 | K42: =IF(I42=0,"",ROUND(I42*(1+$L$2),2)) | L42: =ROUND(K42*H42,2) -> #VALUE!
C43: 2.2.11 | D43: COMPOS | E43: COMP-012 | F43: EXECUÇÃO DE GUARITA EM CANTEIRO DE OBRA EM CHAPA DE MADEIRA COMPENSADA. | G43: M2 | H43: 2.89 | I43: 0 | J43: =ROUND(I43*H43,2) -> 0 | K43: =IF(I43=0,"",ROUND(I43*(1+$L$2),2)) | L43: =ROUND(K43*H43,2) -> #VALUE!
C44: 2.3 | F44: INSTALAÇÕES PROVISÓRIAS - INFRAESTRUTURA | J44: =SUBTOTAL(9,J45:J50) -> 0 | L44: =SUBTOTAL(9,L45:L50) -> #VALUE!
C45: 2.3.1 | D45: COMPOS | E45: COMP-013 | F45: INSTALAÇÃO PROVISÓRIA DE ÁGUA | G45: UN | H45: 1 | I45: 0 | J45: =ROUND(I45*H45,2) -> 0 | K45: =IF(I45=0,"",ROUND(I45*(1+$L$2),2)) | L45: =ROUND(K45*H45,2) -> #VALUE!
C46: 2.3.2 | D46: SINAPI | E46: 102623 | F46: CAIXA D´ÁGUA EM POLIETILENO, 1000 LITROS (INCLUSOS TUBOS, CONEXÕES E TORNEIRA DE BÓIA) - FORNECIMENTO E INSTALAÇÃO. AF_06/2021 | G46: UN | H46: 2 | I46: 0 | J46: =ROUND(I46*H46,2) -> 0 | K46: =IF(I46=0,"",ROUND(I46*(1+$L$2),2)) | L46: =ROUND(K46*H46,2) -> #VALUE!
C47: 2.3.3 | D47: SINAPI | E47: 98461 | F47: ESTRUTURA DE MADEIRA PROVISÓRIA PARA SUPORTE DE CAIXA DÁGUA ELEVADA DE 1000 LITROS. AF_03/2024 | G47: UN | H47: 1 | I47: 0 | J47: =ROUND(I47*H47,2) -> 0 | K47: =IF(I47=0,"",ROUND(I47*(1+$L$2),2)) | L47: =ROUND(K47*H47,2) -> #VALUE!
C48: 2.3.4 | D48: COMPOS | E48: COMP-014 | F48: INSTALAÇÃO PROVISÓRIA DE ESGOTO | G48: UN | H48: 1 | I48: 0 | J48: =ROUND(I48*H48,2) -> 0 | K48: =IF(I48=0,"",ROUND(I48*(1+$L$2),2)) | L48: =ROUND(K48*H48,2) -> #VALUE!
C49: 2.3.5 | D49: COMPOS | E49: COMP-015 | F49: ENTRADA PROVISÓRIA DE ENERGIA ELÉTRICA | G49: UN | H49: 1 | I49: 0 | J49: =ROUND(I49*H49,2) -> 0 | K49: =IF(I49=0,"",ROUND(I49*(1+$L$2),2)) | L49: =ROUND(K49*H49,2) -> #VALUE!
C50: 2.3.6 | D50: COMPOS | E50: COMP-016 | F50: INSTALAÇÃO PROVISÓRIA DE ENERGIA ELÉTRICA | G50: UN | H50: 1 | I50: 0 | J50: =ROUND(I50*H50,2) -> 0 | K50: =IF(I50=0,"",ROUND(I50*(1+$L$2),2)) | L50: =ROUND(K50*H50,2) -> #VALUE!
C51: 2.4 | F51: INSTALAÇÕES PROVISÓRIAS - CERCAMENTOS | J51: =SUBTOTAL(9,J52:J54) -> 0 | L51: =SUBTOTAL(9,L52:L54) -> #VALUE!
C52: 2.4.1 | D52: SINAPI | E52: 106461 | F52: CERCA COM MOURÕES DE MADEIRA, 7,5X7,5 CM, ESPAÇAMENTO DE 2,5 M, ALTURA LIVRE DE 2 M, CRAVADOS 0,5 M, COM 4 FIOS DE ARAME FARPADO Nº 14 CLASSE 250 - FORNECIMENTO E INSTALAÇÃO. AF_05/2020 | G52: M | H52: 116.1 | I52: 0 | J52: =ROUND(I52*H52,2) -> 0 | K52: =IF(I52=0,"",ROUND(I52*(1+$L$2),2)) | L52: =ROUND(K52*H52,2) -> #VALUE!
C53: 2.4.2 | D53: COMPOS | E53: COMP-017 | F53: PORTÃO PARA ACESSO PEDESTRES, COM ESTRUTURA TUBULAR DIAM 3" E FECHAMENTO EM TELA MALHA 5X5 CM, DIMENSÕES 0,90X2,20 M, INCLUSIVE CADEADO, COMPLETO - FORNECIMENTO E INSTALAÇÃO. | G53: UN | H53: 1 | I53: 0 | J53: =ROUND(I53*H53,2) -> 0 | K53: =IF(I53=0,"",ROUND(I53*(1+$L$2),2)) | L53: =ROUND(K53*H53,2) -> #VALUE!
C54: 2.4.3 | D54: COMPOS | E54: COMP-018 | F54: PORTÃO PARA ACESSO VEÍCULOS, COM ESTRUTURA TUBULAR DIAM 3" E FECHAMENTO EM TELA MALHA 5X5 CM, DIMENSÕES 3,00X2,20 M, INCLUSIVE CADEADO, COMPLETO - FORNECIMENTO E INSTALAÇÃO. | G54: UN | H54: 1 | I54: 0 | J54: =ROUND(I54*H54,2) -> 0 | K54: =IF(I54=0,"",ROUND(I54*(1+$L$2),2)) | L54: =ROUND(K54*H54,2) -> #VALUE!
C55: 2.5 | F55: DESPESAS DIVERSAS DE CANTEIRO | J55: =SUBTOTAL(9,J56:J60) -> 0 | L55: =SUBTOTAL(9,L56:L60) -> #VALUE!
C56: 2.5.1 | D56: COMPOS | E56: COMP-019 | F56: CONSUMO DE ENERGIA ELÉTRICA | G56: MÊS | H56: 10 | I56: 0 | J56: =ROUND(I56*H56,2) -> 0 | K56: =IF(I56=0,"",ROUND(I56*(1+$L$2),2)) | L56: =ROUND(K56*H56,2) -> #VALUE!
C57: 2.5.2 | D57: COMPOS | E57: COMP-020 | F57: CONSUMO DE ÁGUA POTÁVEL | G57: MÊS | H57: 10 | I57: 0 | J57: =ROUND(I57*H57,2) -> 0 | K57: =IF(I57=0,"",ROUND(I57*(1+$L$2),2)) | L57: =ROUND(K57*H57,2) -> #VALUE!
C58: 2.5.3 | D58: COMPOS | E58: COMP-021 | F58: CONSUMO - COLETA DE ESGOTO SANITÁRIO | G58: MÊS | H58: 10 | I58: 0 | J58: =ROUND(I58*H58,2) -> 0 | K58: =IF(I58=0,"",ROUND(I58*(1+$L$2),2)) | L58: =ROUND(K58*H58,2) -> #VALUE!
C59: 2.5.4 | D59: COMPOS | E59: COMP-022 | F59: CONSUMO DE TELEFONIA MÓVEL E INTERNET | G59: MÊS | H59: 10 | I59: 0 | J59: =ROUND(I59*H59,2) -> 0 | K59: =IF(I59=0,"",ROUND(I59*(1+$L$2),2)) | L59: =ROUND(K59*H59,2) -> #VALUE!
C60: 2.5.5 | D60: COMPOS | E60: COMP-023 | F60: MANUTENÇÃO DO CANTEIRO DE OBRAS | G60: MÊS | H60: 10 | I60: 0 | J60: =ROUND(I60*H60,2) -> 0 | K60: =IF(I60=0,"",ROUND(I60*(1+$L$2),2)) | L60: =ROUND(K60*H60,2) -> #VALUE!
C61: 2.6 | F61: SINALIZAÇÃO E PROTEÇÃO PROVISÓRIOS | J61: =SUBTOTAL(9,J62:J63) -> 0 | L61: =SUBTOTAL(9,L62:L63) -> #VALUE!
C62: 2.6.1 | D62: COMPOS | E62: COMP-024 | F62: GUARDA CORPO DE PROTEÇÃO PARA VALAS ESCAVADAS, COM MONTANTES E TRAVESSAS DE MADEIRA, E FECHAMENTO EM TELA DE POLIETILENO, ALTURA 1,20 M. | G62: M | H62: 388.19 | I62: 0 | J62: =ROUND(I62*H62,2) -> 0 | K62: =IF(I62=0,"",ROUND(I62*(1+$L$2),2)) | L62: =ROUND(K62*H62,2) -> #VALUE!
C63: 2.6.2 | D63: SINAPI | E63: 103689 | F63: FORNECIMENTO E INSTALAÇÃO DE PLACA DE OBRA PARA SINALIZAÇÃO, COM CHAPA GALVANIZADA E ESTRUTURA DE MADEIRA. | G63: M2 | H63: 16.6 | I63: 0 | J63: =ROUND(I63*H63,2) -> 0 | K63: =IF(I63=0,"",ROUND(I63*(1+$L$2),2)) | L63: =ROUND(K63*H63,2) -> #VALUE!
C64: 3 | F64: MOBILIZAÇÃO E DESMOBILIZAÇÃO | J64: =SUBTOTAL(9,J65:J68) -> 0 | L64: =SUBTOTAL(9,L65:L68) -> #VALUE!
C65: 3.1 | F65: MOBILIZAÇÃO EQUIPAMENTOS E PESSOAS | J65: =SUBTOTAL(9,J66) -> 0 | L65: =SUBTOTAL(9,L66) -> #VALUE!
C66: 3.1.1 | D66: COMPOS | E66: COMP-003 | F66: MOBILIZAÇÃO | G66: UN | H66: 1 | I66: 0 | J66: =ROUND(I66*H66,2) -> 0 | K66: =IF(I66=0,"",ROUND(I66*(1+$L$2),2)) | L66: =ROUND(K66*H66,2) -> #VALUE!
C67: 3.2 | F67: DESMOBILIZAÇÃO EQUIAPMENTOS E PESSOAS | J67: =SUBTOTAL(9,J68) -> 0 | L67: =SUBTOTAL(9,L68) -> #VALUE!
C68: 3.2.1 | D68: COMPOS | E68: COMP-004 | F68: DESMOBILIZAÇÃO | G68: UN | H68: 1 | I68: 0 | J68: =ROUND(I68*H68,2) -> 0 | K68: =IF(I68=0,"",ROUND(I68*(1+$L$2),2)) | L68: =ROUND(K68*H68,2) -> #VALUE!
C69: 4 | F69: TERRAPLENAGEM | J69: =SUBTOTAL(9,J70:J112) -> 0 | L69: =SUBTOTAL(9,L70:L112) -> #VALUE!
C70: 4.1 | F70: LIMPEZA DO TERRENO | J70: =SUBTOTAL(9,J71:J75) -> 0 | L70: =SUBTOTAL(9,L71:L75) -> #VALUE!
C71: 4.1.1 | D71: SINAPI | E71: 98524 | F71: LIMPEZA MANUAL DE VEGETAÇÃO EM TERRENO COM ENXADA. AF_03/2024 | G71: M2 | H71: 890.93 | I71: 0 | J71: =ROUND(I71*H71,2) -> 0 | K71: =IF(I71=0,"",ROUND(I71*(1+$L$2),2)) | L71: =ROUND(K71*H71,2) -> #VALUE!
C72: 4.1.2 | D72: SINAPI | E72: 98525 | F72: LIMPEZA MECANIZADA DE CAMADA VEGETAL, VEGETAÇÃO E PEQUENAS ÁRVORES (DIÂMETRO DE TRONCO MENOR QUE 0,20 M), COM TRATOR DE ESTEIRAS. AF_03/2024 | G72: M2 | H72: 37448.78 | I72: 0 | J72: =ROUND(I72*H72,2) -> 0 | K72: =IF(I72=0,"",ROUND(I72*(1+$L$2),2)) | L72: =ROUND(K72*H72,2) -> #VALUE!
C73: 4.1.3 | D73: SICRO | E73: 5501701 | F73: DESTOCAMENTO DE ÁRVORES COM DIÂMETRO DE 0,15 A 0,30 M | G73: UN | H73: 5 | I73: 0 | J73: =ROUND(I73*H73,2) -> 0 | K73: =IF(I73=0,"",ROUND(I73*(1+$L$2),2)) | L73: =ROUND(K73*H73,2) -> #VALUE!
C74: 4.1.4 | D74: SINAPI | E74: 100975 | F74: CARGA, MANOBRA E DESCARGA DE SOLOS E MATERIAIS GRANULARES EM CAMINHÃO BASCULANTE 14 M³ - CARGA COM PÁ CARREGADEIRA (CAÇAMBA DE 1,7 A 2,8 M³ / 128 HP) E DESCARGA LIVRE (UNIDADE: M3). AF_07/2020 | G74: M3 | H74: 9585.2 | I74: 0 | J74: =ROUND(I74*H74,2) -> 0 | K74: =IF(I74=0,"",ROUND(I74*(1+$L$2),2)) | L74: =ROUND(K74*H74,2) -> #VALUE!
C75: 4.1.5 | D75: SINAPI | E75: 95876 | F75: TRANSPORTE COM CAMINHÃO BASCULANTE DE 14 M³, EM VIA URBANA PAVIMENTADA, DMT ATÉ 30 KM (UNIDADE: M3XKM). AF_07/2020 | G75: M3XKM | H75: 249215.29 | I75: 0 | J75: =ROUND(I75*H75,2) -> 0 | K75: =IF(I75=0,"",ROUND(I75*(1+$L$2),2)) | L75: =ROUND(K75*H75,2) -> #VALUE!
C76: 4.2 | F76: CAMINHOS DE SERVIÇO | J76: =SUBTOTAL(9,J77:J85) -> 0 | L76: =SUBTOTAL(9,L77:L85) -> #VALUE!
C77: 4.2.1 | D77: SINAPI | E77: 90091 | F77: ESCAVAÇÃO MECANIZADA DE VALA COM PROF. ATÉ 1,5 M (MÉDIA MONTANTE E JUSANTE/UMA COMPOSIÇÃO POR TRECHO), ESCAVADEIRA (0,8 M3), LARG. DE 1,5 M A 2,5 M, EM SOLO DE 1A CATEGORIA, LOCAIS COM BAIXO NÍVEL DE INTERFERÊNCIA. AF_09/2024 | G77: M3 | H77: 177.13 | I77: 0 | J77: =ROUND(I77*H77,2) -> 0 | K77: =IF(I77=0,"",ROUND(I77*(1+$L$2),2)) | L77: =ROUND(K77*H77,2) -> #VALUE!
C78: 4.2.2 | D78: COMPOS | E78: COMP-002 | F78: REGULARIZAÇÃO E COMPACTAÇÃO MECÂNICA DE SUBLEITO | G78: M2 | H78: 929.94 | I78: 0 | J78: =ROUND(I78*H78,2) -> 0 | K78: =IF(I78=0,"",ROUND(I78*(1+$L$2),2)) | L78: =ROUND(K78*H78,2) -> #VALUE!
C79: 4.2.3 | D79: COMPOS | E79: COMP-026 | F79: CONSTRUÇÃO DE BASE OU SUB-BASE PARA PAVIMENTAÇÃO DE RACHÃO, COM ESPESSURA DE 40 CM - INCLUSIVE TRANSPORTE. | G79: M3 | H79: 336.55 | I79: 0 | J79: =ROUND(I79*H79,2) -> 0 | K79: =IF(I79=0,"",ROUND(I79*(1+$L$2),2)) | L79: =ROUND(K79*H79,2) -> #VALUE!
C80: 4.2.4 | D80: SINAPI | E80: 100979 | F80: CARGA, MANOBRA E DESCARGA DE MATERIAIS GRANULARES EM CAMINHÃO BASCULANTE 14 M³ (MAT PARA BASE DE MACADAME) | G80: M3 | H80: 198.39 | I80: 0 | J80: =ROUND(I80*H80,2) -> 0 | K80: =IF(I80=0,"",ROUND(I80*(1+$L$2),2)) | L80: =ROUND(K80*H80,2) -> #VALUE!
C81: 4.2.5 | D81: SINAPI | E81: 95876 | F81: TRANSPORTE COM CAMINHÃO BASCULANTE DE 14 M³, EM VIA URBANA PAVIMENTADA, DMT ATÉ 30 KM (MAT PARA BASE DE MACADAME) | G81: M3XKM | H81: 2975.82 | I81: 0 | J81: =ROUND(I81*H81,2) -> 0 | K81: =IF(I81=0,"",ROUND(I81*(1+$L$2),2)) | L81: =ROUND(K81*H81,2) -> #VALUE!
C82: 4.2.6 | D82: SINAPI | E82: 105752 | F82: CONSTRUÇÃO DE BASE E SUB-BASE PARA PAVIMENTAÇÃO DE MACADAME SECO, COM ESPESSURA DE 20 CM - EXCLUSIVE CARGA E TRANSPORTE. AF_09/2024 | G82: M3 | H82: 141.71 | I82: 0 | J82: =ROUND(I82*H82,2) -> 0 | K82: =IF(I82=0,"",ROUND(I82*(1+$L$2),2)) | L82: =ROUND(K82*H82,2) -> #VALUE!
C83: 4.2.7 | D83: SINAPI | E83: 100979 | F83: CARGA, MANOBRA E DESCARGA DE SOLOS E MATERIAIS GRANULARES EM CAMINHÃO BASCULANTE 14 M³ - CARGA COM ESCAVADEIRA HIDRÁULICA (CAÇAMBA DE 1,20 M³ / 155 HP) E DESCARGA LIVRE (UNIDADE: M3). AF_02/2026 | G83: M3 | H83: 221.42 | I83: 0 | J83: =ROUND(I83*H83,2) -> 0 | K83: =IF(I83=0,"",ROUND(I83*(1+$L$2),2)) | L83: =ROUND(K83*H83,2) -> #VALUE!
C84: 4.2.8 | D84: SINAPI | E84: 95876 | F84: TRANSPORTE COM CAMINHÃO BASCULANTE DE 14 M³, EM VIA URBANA PAVIMENTADA, DMT ATÉ 30 KM (UNIDADE: M3XKM). AF_07/2020 | G84: M3XKM | H84: 5756.79 | I84: 0 | J84: =ROUND(I84*H84,2) -> 0 | K84: =IF(I84=0,"",ROUND(I84*(1+$L$2),2)) | L84: =ROUND(K84*H84,2) -> #VALUE!
C85: 4.2.9 | D85: SINAPI | E85: 100574 | F85: ESPALHAMENTO DE MATERIAL COM TRATOR DE ESTEIRAS. | G85: M3 | H85: 221.42 | I85: 0 | J85: =ROUND(I85*H85,2) -> 0 | K85: =IF(I85=0,"",ROUND(I85*(1+$L$2),2)) | L85: =ROUND(K85*H85,2) -> #VALUE!
C86: 4.3 | F86: ATERROS E COMPACTAÇÃO | J86: =SUBTOTAL(9,J87:J91) -> 0 | L86: =SUBTOTAL(9,L87:L91) -> #VALUE!
C87: 4.3.1 | D87: SINAPI | E87: 100576 | F87: REGULARIZAÇÃO E COMPACTAÇÃO DE SUBLEITO DE SOLO PREDOMINANTEMENTE ARGILOSO, PARA OBRAS DE CONSTRUÇÃO DE PAVIMENTOS. AF_09/2024 | G87: M2 | H87: 38339.7 | I87: 0 | J87: =ROUND(I87*H87,2) -> 0 | K87: =IF(I87=0,"",ROUND(I87*(1+$L$2),2)) | L87: =ROUND(K87*H87,2) -> #VALUE!
C88: 4.3.2 | D88: SINAPI-I | E88: 6077 | F88: ARGILA OU BARRO PARA ATERRO/REATERRO (ADQUIRIDO NA JAZIDA, INCLUSIVE TRANSPORTE) | G88: M3 | H88: 66268.86 | I88: 0 | J88: =ROUND(I88*H88,2) -> 0 | K88: =IF(I88=0,"",ROUND(I88*(1+$L$2),2)) | L88: =ROUND(K88*H88,2) -> #VALUE!
C89: 4.3.3 | D89: SINAPI | E89: 100574 | F89: ESPALHAMENTO DE MATERIAL COM TRATOR DE ESTEIRAS. | G89: M3 | H89: 66268.86 | I89: 0 | J89: =ROUND(I89*H89,2) -> 0 | K89: =IF(I89=0,"",ROUND(I89*(1+$L$2),2)) | L89: =ROUND(K89*H89,2) -> #VALUE!
C90: 4.3.4 | D90: SINAPI | E90: 105559 | F90: EXECUÇÃO E COMPACTAÇÃO DE CORPO DE ATERRO DE ATERRO (95% DE ENERGIA DO PROCTOR NORMAL) COM SOLO PREDOMINANTEMENTE ARGILOSO, EM CAMADAS COM ESPESSURA DE 20 CM - EXCLUSIVE ESCAVAÇÃO, CARGA E TRANSPORTE E SOLO. AF_09/2024 | G90: M3 | H90: 35887.14 | I90: 0 | J90: =ROUND(I90*H90,2) -> 0 | K90: =IF(I90=0,"",ROUND(I90*(1+$L$2),2)) | L90: =ROUND(K90*H90,2) -> #VALUE!
C91: 4.3.5 | D91: SINAPI | E91: 105560 | F91: EXECUÇÃO E COMPACTAÇÃO DE CAMADA FINAL DE ATERRO (100% DE ENERGIA DO PROCTOR NORMAL) COM SOLO PREDOMINANTEMENTE ARGILOSO, EM CAMADAS COM ESPESSURA DE 20 CM - EXCLUSIVE ESCAVAÇÃO, CARGA E TRANSPORTE E SOLO. AF_09/2024 | G91: M3 | H91: 8971.78 | I91: 0 | J91: =ROUND(I91*H91,2) -> 0 | K91: =IF(I91=0,"",ROUND(I91*(1+$L$2),2)) | L91: =ROUND(K91*H91,2) -> #VALUE!
C92: 4.4 | F92: SERVIÇOS GEOTÉCNICOS | J92: =SUBTOTAL(9,J93:J94) -> 0 | L92: =SUBTOTAL(9,L93:L94) -> #VALUE!
C93: 4.4.1 | D93: SINAPI | E93: 102713 | F93: GEOTÊXTIL NÃO TECIDO 100% POLIÉSTER, RESISTÊNCIA A TRAÇÃO DE 14 KN/M (RT - 14), INSTALADO EM DRENO - FORNECIMENTO E INSTALAÇÃO. AF_07/2021 | G93: M2 | H93: 38339.7 | I93: 0 | J93: =ROUND(I93*H93,2) -> 0 | K93: =IF(I93=0,"",ROUND(I93*(1+$L$2),2)) | L93: =ROUND(K93*H93,2) -> #VALUE!
C94: 4.4.2 | D94: COMPOS | E94: COMP-028 | F94: GEOGRELHA RESISTENCIA À TRAÇÃO 400 KN/M - FORNECIMENTO E INSTALAÇÃO | G94: M2 | H94: 793.24 | I94: 0 | J94: =ROUND(I94*H94,2) -> 0 | K94: =IF(I94=0,"",ROUND(I94*(1+$L$2),2)) | L94: =ROUND(K94*H94,2) -> #VALUE!
C95: 4.5 | F95: INSTRUMENTAÇÃO | J95: =SUBTOTAL(9,J96:J99) -> 0 | L95: =SUBTOTAL(9,L96:L99) -> #VALUE!
C96: 4.5.1 | D96: COMPOS | E96: COMP-030 | F96: FORNECIMENTO E INSTALAÇÃO DE PLACA DE RECALQUE | G96: UN | H96: 12 | I96: 0 | J96: =ROUND(I96*H96,2) -> 0 | K96: =IF(I96=0,"",ROUND(I96*(1+$L$2),2)) | L96: =ROUND(K96*H96,2) -> #VALUE!
C97: 4.5.2 | D97: COMPOS | E97: COMP-055 | F97: REFERÊNCIA DE NÍVEL BENCHMARK - MOBILIZAÇÃO POR PONTO | G97: UN | H97: 15 | I97: 0 | J97: =ROUND(I97*H97,2) -> 0 | K97: =IF(I97=0,"",ROUND(I97*(1+$L$2),2)) | L97: =ROUND(K97*H97,2) -> #VALUE!
C98: 4.5.3 | D98: COMPOS | E98: COMP-057 | F98: REFERÊNCIA DE NÍVEL BENCHMARK - FORNECIMENTO, PERFURAÇÃO E INSTALAÇÃO. | G98: M | H98: 15 | I98: 0 | J98: =ROUND(I98*H98,2) -> 0 | K98: =IF(I98=0,"",ROUND(I98*(1+$L$2),2)) | L98: =ROUND(K98*H98,2) -> #VALUE!
C99: 4.5.4 | D99: SINAPI | E99: 93565 | F99: ENGENHEIRO CIVIL DE OBRA JUNIOR COM ENCARGOS COMPLEMENTARES | G99: MES | H99: 6 | I99: 0 | J99: =ROUND(I99*H99,2) -> 0 | K99: =IF(I99=0,"",ROUND(I99*(1+$L$2),2)) | L99: =ROUND(K99*H99,2) -> #VALUE!
C100: 4.6 | F100: COLCHÃO DE AREIA | J100: =SUBTOTAL(9,J101:J104) -> 0 | L100: =SUBTOTAL(9,L101:L104) -> #VALUE!
C101: 4.6.1 | D101: SINAPI | E101: 100975 | F101: CARGA, MANOBRA E DESCARGA DE SOLOS E MATERIAIS GRANULARES EM CAMINHÃO BASCULANTE 14 M³ (MAT PARA COLCHÃO DE AREIA) | G101: M3 | H101: 14377.38 | I101: 0 | J101: =ROUND(I101*H101,2) -> 0 | K101: =IF(I101=0,"",ROUND(I101*(1+$L$2),2)) | L101: =ROUND(K101*H101,2) -> #VALUE!
...

Sheet CRFF
C2: PROJETOS BÁSICO E EXECUTIVO DO LOTEAMENTO NOVO HORIZONTE
C4: CRONOGRAMA FÍSICO-FINANCEIRO ESTIMATIVO | F4: Prazo exec.: 10 meses
C6: ITEM | D6: DESCRIÇÃO | E6: % ITEM | F6: TOTAL C/ BDI | G6: MÊS 1 | H6: MÊS 2 | I6: MÊS 3 | J6: MÊS 4 | K6: MÊS 5 | L6: MÊS 6 | M6: MÊS 7 | N6: MÊS 8 | O6: MÊS 9 | P6: MÊS 10 | Q6: MÊS 11 | R6: MÊS 12 | S6: TOTAIS | U6: conf
A8: # | B8: =COUNTIF(G9:R9,">0") -> 0 | C8: 1 | D8: =VLOOKUP(C8,RESUMO!$B$8:$H$23,2,FALSE) -> ADMINISTRAÇÃO LOCAL | E8: =IFERROR(F8/$F$40,"") | F8: =VLOOKUP(C8,RESUMO!$B$8:$H$23,7,FALSE) -> 0 | G8: =G86 -> 0.04059299 | H8: =H86 -> 0.08370532 | I8: =I86 -> 0.10957227 | J8: =J86 -> 0.12449822 | K8: =K86 -> 0.13009626 | L8: =L86 -> 0.12732366 | M8: =M86 -> 0.11707324 | N8: =N86 -> 0.10038963 | ... R8: =R86 -> 0.0065706313 | S8: =SUM(G8:R8) -> 1
G9: =$F8*G8 -> 0 | H9: =$F8*H8 -> 0 | I9: =$F8*I8 -> 0 | J9: =$F8*J8 -> 0 | K9: =$F8*K8 -> 0 | L9: =$F8*L8 -> 0 | M9: =$F8*M8 -> 0 | N9: =$F8*N8 -> 0 | ... R9: =$F8*R8 -> 0 | S9: =SUM(G9:R9) -> 0 | U9: =F8-S9 -> 0
A10: # | B10: =COUNTIF(G11:R11,">0") -> 0 | C10: 2 | D10: =VLOOKUP(C10,RESUMO!$B$8:$H$23,2,FALSE) -> INSTALAÇÕES DO CANTEIRO DE OBRAS | E10: =IFERROR(F10/$F$40,"") | F10: =VLOOKUP(C10,RESUMO!$B$8:$H$23,7,FALSE) -> 0 | G10: =G64 -> 1 | S10: =SUM(G10:R10) -> 1
G11: =$F10*G10 -> 0 | S11: =SUM(G11:R11) -> 0 | U11: 0
A12: # | B12: =COUNTIF(G13:R13,">0") -> 0 | C12: 3 | D12: =VLOOKUP(C12,RESUMO!$B$8:$H$23,2,FALSE) -> MOBILIZAÇÃO E DESMOBILIZAÇÃO | E12: =IFERROR(F12/$F$40,"") | F12: =VLOOKUP(C12,RESUMO!$B$8:$H$23,7,FALSE) -> 0 | G12: =G66 -> 0.61578872 | R12: =H66 -> 0.38421128 | S12: =SUM(G12:R12) -> 1
G13: =$F12*G12 -> 0 | R13: =$F12*R12 -> 0 | S13: =SUM(G13:R13) -> 0 | U13: =F12-S13 -> 0
A14: # | B14: =COUNTIF(G15:R15,">0") -> 0 | C14: 4 | D14: =VLOOKUP(C14,RESUMO!$B$8:$H$23,2,FALSE) -> TERRAPLENAGEM | E14: =IFERROR(F14/$F$40,"") | F14: =VLOOKUP(C14,RESUMO!$B$8:$H$23,7,FALSE) -> 0 | H14: =G76 -> 0.097196414 | I14: =H76 -> 0.18877183 | J14: =I76 -> 0.22104009 | K14: =J76 -> 0.21001312 | L14: =K76 -> 0.16407876 | M14: =L76 -> 0.094896259 | N14: =M76 -> 0.024003535 | S14: =SUM(G14:R14) -> 1
H15: =$F14*H14 -> 0 | I15: =$F14*I14 -> 0 | J15: =$F14*J14 -> 0 | K15: =$F14*K14 -> 0 | L15: =$F14*L14 -> 0 | M15: =$F14*M14 -> 0 | N15: =$F14*N14 -> 0 | S15: =SUM(G15:R15) -> 0 | U15: =F14-S15 -> 0
A16: # | B16: =COUNTIF(G17:R17,">0") -> 0 | C16: 5 | D16: =VLOOKUP(C16,RESUMO!$B$8:$H$23,2,FALSE) -> REDE DE DRENAGEM PLUVIAL | E16: =IFERROR(F16/$F$40,"") | F16: =VLOOKUP(C16,RESUMO!$B$8:$H$23,7,FALSE) -> 0 | J16: =G74 -> 0.12429831 | K16: =H74 -> 0.23407048 | L16: =I74 -> 0.25741992 | M16: =J74 -> 0.21746287 | N16: =K74 -> 0.13220268 | O16: =L74 -> 0.034545733 | S16: =SUM(G16:R16) -> 1
J17: =$F16*J16 -> 0 | K17: =$F16*K16 -> 0 | L17: =$F16*L16 -> 0 | M17: =$F16*M16 -> 0 | N17: =$F16*N16 -> 0 | O17: =$F16*O16 -> 0 | S17: =SUM(G17:R17) -> 0 | U17: =F16-S17 -> 0
A18: # | B18: =COUNTIF(G19:R19,">0") -> 0 | C18: 6 | D18: =VLOOKUP(C18,RESUMO!$B$8:$H$23,2,FALSE) -> REDE DE ESGOTO SANITÁRIO | E18: =IFERROR(F18/$F$40,"") | F18: =VLOOKUP(C18,RESUMO!$B$8:$H$23,7,FALSE) -> 0 | J18: =G74 -> 0.12429831 | K18: =H74 -> 0.23407048 | L18: =I74 -> 0.25741992 | M18: =J74 -> 0.21746287 | N18: =K74 -> 0.13220268 | O18: =L74 -> 0.034545733 | S18: =SUM(G18:R18) -> 1
J19: =$F18*J18 -> 0 | K19: =$F18*K18 -> 0 | L19: =$F18*L18 -> 0 | M19: =$F18*M18 -> 0 | N19: =$F18*N18 -> 0 | O19: =$F18*O18 -> 0 | S19: =SUM(G19:R19) -> 0 | U19: =F18-S19 -> 0
A20: # | B20: =COUNTIF(G21:R21,">0") -> 0 | C20: 7 | D20: =VLOOKUP(C20,RESUMO!$B$8:$H$23,2,FALSE) -> REDE DE ÁGUA POTÁVEL | E20: =IFERROR(F20/$F$40,"") | F20: =VLOOKUP(C20,RESUMO!$B$8:$H$23,7,FALSE) -> 0 | L20: =G70 -> 0.23387058 | M20: =H70 -> 0.38191814 | N20: =I70 -> 0.29608013 | O20: =J70 -> 0.088131157 | S20: =SUM(G20:R20) -> 1
L21: =$F20*L20 -> 0 | M21: =$F20*M20 -> 0 | N21: =$F20*N20 -> 0 | O21: =$F20*O20 -> 0 | S21: =SUM(G21:R21) -> 0 | U21: =F20-S21 -> 0
A22: # | B22: =COUNTIF(G23:R23,">0") -> 0 | C22: 8 | D22: =VLOOKUP(C22,RESUMO!$B$8:$H$23,2,FALSE) -> REDE DE ENERGIA ELÉTRICA | E22: =IFERROR(F22/$F$40,"") | F22: =VLOOKUP(C22,RESUMO!$B$8:$H$23,7,FALSE) -> 0 | O22: =G68 -> 0.35836879 | P22: =H68 -> 0.47488279 | Q22: =I68 -> 0.16674841 | S22: =SUM(G22:R22) -> 1
O23: =$F22*O22 -> 0 | P23: =$F22*P22 -> 0 | Q23: =$F22*Q22 -> 0 | S23: =SUM(G23:R23) -> 0 | U23: =F22-S23 -> 0
A24: # | B24: =COUNTIF(G25:R25,">0") -> 0 | C24: 9 | D24: =VLOOKUP(C24,RESUMO!$B$8:$H$23,2,FALSE) -> PAVIMENTAÇÃO | E24: =IFERROR(F24/$F$40,"") | F24: =VLOOKUP(C24,RESUMO!$B$8:$H$23,7,FALSE) -> 0 | M24: =G70 -> 0.23387058 | N24: =H70 -> 0.38191814 | O24: =I70 -> 0.29608013 | P24: =J70 -> 0.088131157 | S24: =SUM(G24:R24) -> 1
M25: =$F24*M24 -> 0 | N25: =$F24*N24 -> 0 | O25: =$F24*O24 -> 0 | P25: =$F24*P24 -> 0 | S25: =SUM(G25:R25) -> 0 | U25: =F24-S25 -> 0
A26: # | B26: =COUNTIF(G27:R27,">0") -> 0 | C26: 10 | D26: =VLOOKUP(C26,RESUMO!$B$8:$H$23,2,FALSE) -> MURO DE CONTENÇÃO EM CONCRETO ARMADO | E26: =IFERROR(F26/$F$40,"") | F26: =VLOOKUP(C26,RESUMO!$B$8:$H$23,7,FALSE) -> 0 | P26: =G66 -> 0.61578872 | Q26: =H66 -> 0.38421128 | S26: =SUM(G26:R26) -> 1
P27: =$F26*P26 -> 0 | Q27: =$F26*Q26 -> 0 | S27: =SUM(G27:R27) -> 0 | U27: =F26-S27 -> 0
A28: # | B28: =COUNTIF(G29:R29,">0") -> 0 | C28: 11 | D28: =VLOOKUP(C28,RESUMO!$B$8:$H$23,2,FALSE) -> SINALIZAÇÃO VIÁRIA | E28: =IFERROR(F28/$F$40,"") | F28: =VLOOKUP(C28,RESUMO!$B$8:$H$23,7,FALSE) -> 0 | L28: =G72 -> 0.16568806 | M28: =H72 -> 0.29672412 | N28: =I72 -> 0.292047 | O28: =J72 -> 0.19267608 | P28: =K72 -> 0.052864741 | S28: =SUM(G28:R28) -> 1
L29: =$F28*L28 -> 0 | M29: =$F28*M28 -> 0 | N29: =$F28*N28 -> 0 | O29: =$F28*O28 -> 0 | P29: =$F28*P28 -> 0 | S29: =SUM(G29:R29) -> 0 | U29: =F28-S29 -> 0
A30: # | B30: =COUNTIF(G31:R31,">0") -> 0 | C30: 12 | D30: =VLOOKUP(C30,RESUMO!$B$8:$H$23,2,FALSE) -> URBANIZAÇÃO | E30: =IFERROR(F30/$F$40,"") | F30: =VLOOKUP(C30,RESUMO!$B$8:$H$23,7,FALSE) -> 0 | Q30: =G64 -> 1 | R30: =H64 -> 0 | S30: =SUM(G30:R30) -> 1
Q31: =$F30*Q30 -> 0 | R31: =$F30*R30 -> 0 | S31: =SUM(G31:R31) -> 0 | U31: =F30-S31 -> 0
A32: # | B32: =COUNTIF(G33:R33,">0") -> 0 | C32: 13 | D32: =VLOOKUP(C32,RESUMO!$B$8:$H$23,2,FALSE) -> SERVIÇOS COMPLEMENTARES | E32: =IFERROR(F32/$F$40,"") | F32: =VLOOKUP(C32,RESUMO!$B$8:$H$23,7,FALSE) -> 0 | Q32: =G66 -> 0.61578872 | R32: =H66 -> 0.38421128 | S32: =SUM(G32:R32) -> 1
Q33: =$F32*Q32 -> 0 | R33: =$F32*R32 -> 0 | S33: =SUM(G33:R33) -> 0 | U33: =F32-S33 -> 0
A34: # | B34: =COUNTIF(G35:R35,">0") -> 0 | C34: 14 | D34: =VLOOKUP(C34,RESUMO!$B$8:$H$23,2,FALSE) -> ESTAÇÃO ELEVATÓRIA DE ESGOTO BRUTO - EEEB | E34: =IFERROR(F34/$F$40,"") | F34: =VLOOKUP(C34,RESUMO!$B$8:$H$23,7,FALSE) -> 0 | L34: =G70 -> 0.23387058 | M34: =H70 -> 0.38191814 | N34: =I70 -> 0.29608013 | O34: =J70 -> 0.088131157 | S34: =SUM(G34:R34) -> 1
L35: =$F34*L34 -> 0 | M35: =$F34*M34 -> 0 | N35: =$F34*N34 -> 0 | O35: =$F34*O34 -> 0 | S35: =SUM(G35:R35) -> 0 | U35: =F34-S35 -> 0
A36: # | B36: =COUNTIF(G37:R37,">0") -> 0 | C36: 15 | D36: =VLOOKUP(C36,RESUMO!$B$8:$H$23,2,FALSE) -> LINHA DE RECALQUE DE ESGOTO | E36: =IFERROR(F36/$F$40,"") | F36: =VLOOKUP(C36,RESUMO!$B$8:$H$23,7,FALSE) -> 0 | M36: =C66 -> 0 | N36: =G70 -> 0.23387058 | O36: =H70 -> 0.38191814 | P36: =I70 -> 0.29608013 | Q36: =J70 -> 0.088131157 | S36: =SUM(G36:R36) -> 1
M37: =$F36*M36 -> 0 | N37: =$F36*N36 -> 0 | O37: =$F36*O36 -> 0 | P37: =$F36*P36 -> 0 | Q37: =$F36*Q36 -> 0 | S37: =SUM(G37:R37) -> 0 | U37: =F36-S37 -> 0
A40: # | D40: TOTAL DO ORÇAMENTO | E40: =SUMIF(A8:A39,A40,E8:E39) -> 0 | F40: =SUMIF($A$8:$A$39,A40,F8:F39) -> 0
D43: PARCELAS MENSAIS | E43: MENSAL SIMPLES | G43: =SUM(G9,G11,G13,G15,G17,G19,G21,G23,G25,G37,G27,G29)/$F40 -> #DIV/0! | H43: =SUM(H9,H11,H13,H15,H17,H19,H21,H23,H25,H37,H27,H29,H31,H33,H35)/$F40 -> #DIV/0! | I43: =SUM(I9,I11,I13,I15,I17,I19,I21,I23,I25,I37,I27,I29,I31,I33,I35)/$F40 -> #DIV/0! | J43: =SUM(J9,J11,J13,J15,J17,J19,J21,J23,J25,J37,J27,J29,J31,J33,J35)/$F40 -> #DIV/0! | K43: =SUM(K9,K11,K13,K15,K17,K19,K21,K23,K25,K37,K27,K29,K31,K33,K35)/$F40 -> #DIV/0! | L43: =SUM(L9,L11,L13,L15,L17,L19,L21,L23,L25,L37,L27,L29,L31,L33,L35)/$F40 -> #DIV/0! | M43: =SUM(M9,M11,M13,M15,M17,M19,M21,M23,M25,M37,M27,M29,M31,M33,M35)/$F40 -> #DIV/0! | N43: =SUM(N9,N11,N13,N15,N17,N19,N21,N23,N25,N37,N27,N29,N31,N33,N35)/$F40 -> #DIV/0! | O43: =SUM(O9,O11,O13,O15,O17,O19,O21,O23,O25,O37,O27,O29,O31,O33,O35)/$F40 -> #DIV/0! | ... R43: =SUM(R9,R11,R13,R15,R17,R19,R21,R23,R25,R37,R27,R29,R31,R33,R35)/$F40 -> #DIV/0! | S43: =SUM(G43:R43) -> #DIV/0!
G44: =$F40*G43 -> #DIV/0! | H44: =$F40*H43 -> #DIV/0! | I44: =$F40*I43 -> #DIV/0! | J44: =$F40*J43 -> #DIV/0! | K44: =$F40*K43 -> #DIV/0! | L44: =$F40*L43 -> #DIV/0! | M44: =$F40*M43 -> #DIV/0! | N44: =$F40*N43 -> #DIV/0! | ... R44: =$F40*R43 -> #DIV/0! | S44: =SUM(G44:R44) -> #DIV/0!
E45: MENSAL ACUMULADO | G45: =G46/$F$40 -> #DIV/0! | H45: =H46/$F$40 -> #DIV/0! | I45: =I46/$F$40 -> #DIV/0! | J45: =J46/$F$40 -> #DIV/0! | K45: =K46/$F$40 -> #DIV/0! | L45: =L46/$F$40 -> #DIV/0! | M45: =M46/$F$40 -> #DIV/0! | N45: =N46/$F$40 -> #DIV/0! | ... R45: =R46/$F$40 -> #DIV/0!
G46: =G44 -> #DIV/0! | H46: =H44+G46 -> #DIV/0! | I46: =I44+H46 -> #DIV/0! | J46: =J44+I46 -> #DIV/0! | K46: =K44+J46 -> #DIV/0! | L46: =L44+K46 -> #DIV/0! | M46: =M44+L46 -> #DIV/0! | N46: =N44+M46 -> #DIV/0! | O46: =O44+N46 -> #DIV/0! | ... Q46: =Q44+P46 -> #DIV/0! | R46: =R44+M46 -> #DIV/0!
C49: PROJETO: | D49: Nº 85/2026 | E49: SINAPI/RS | F49: Maio/26
C50: LOCALIZ: | D50: ESTRADA DA ARROZEIRA x RUA RIO GRANDE DO SUL - CENTRO NOVO - ELDORADO DO SUL/RS | E50: BDI SERV: | F50: 0.2216
C51: CLIENTE: | D51: PREFEITURA MUNIC. DE ELDORADO DO SUL / RS - SECRET. MUNIC. OBRAS E INFRAESTRUT. | E51: BDI DIFER: | F51: 0.1528
C52: REFERÊNCIA: | D52: CRONOGRAMA FÍSICO-FINANCEIRO | E52: DATA ORÇAM | F52: Julho/26 | R52: impressão formato A-3
G58: S Curve' [generated by Oracle Cloud ERP-Primavera P6 EPP]
G59: n per
G60: s shco
G61: i curve%
F62: time per | G62: 1 | H62: 2 | I62: 3 | J62: 4 | K62: 5 | L62: 6 | M62: 7 | N62: 8 | O62: 9 | P62: 10 | Q62: 11 | R62: 12
F63: 1 | G63: 1
G64: =IF(G63=0,"",G63) -> 1
F65: 2 | G65: 0.61578872 | H65: 1
G66: =IF(G65=0,"",G65) -> 0.61578872 | H66: =IF(H65=0,"",H65-G65) -> 0.38421128
F67: 3 | G67: 0.35836879 | H67: 0.83325159 | I67: 1
G68: =IF(G67=0,"",G67) -> 0.35836879 | H68: =IF(H67=0,"",H67-G67) -> 0.47488279 | I68: =IF(I67=0,"",I67-H67) -> 0.16674841
F69: 4 | G69: 0.23387058 | H69: 0.61578872 | I69: 0.91186884 | J69: 1
G70: =IF(G69=0,"",G69) -> 0.23387058 | H70: =IF(H69=0,"",H69-G69) -> 0.38191814 | I70: =IF(I69=0,"",I69-H69) -> 0.29608013 | J70: =IF(J69=0,"",J69-I69) -> 0.088131157
F71: 5 | G71: 0.16568806 | H71: 0.46241218 | I71: 0.75445918 | J71: 0.94713526 | K71: 1
G72: =IF(G71=0,"",G71) -> 0.16568806 | H72: =IF(H71=0,"",H71-G71) -> 0.29672412 | I72: =IF(I71=0,"",I71-H71) -> 0.292047 | J72: =IF(J71=0,"",J71-I71) -> 0.19267608 | K72: =IF(K71=0,"",K71-J71) -> 0.052864741
F73: 6 | G73: 0.12429831 | H73: 0.35836879 | I73: 0.61578872 | J73: 0.83325159 | K73: 0.96545427 | L73: 1
G74: =IF(G73=0,"",G73) -> 0.12429831 | H74: =IF(H73=0,"",H73-G73) -> 0.23407048 | I74: =IF(I73=0,"",I73-H73) -> 0.25741992 | J74: =IF(J73=0,"",J73-I73) -> 0.21746287 | K74: =IF(K73=0,"",K73-J73) -> 0.13220268 | L74: =IF(L73=0,"",L73-K73) -> 0.034545733
F75: 7 | G75: 0.097196414 | H75: 0.28596824 | I75: 0.50700833 | J75: 0.71702145 | K75: 0.88110021 | L75: 0.97599646 | M75: 1
G76: =IF(G75=0,"",G75) -> 0.097196414 | H76: =IF(H75=0,"",H75-G75) -> 0.18877183 | I76: =IF(I75=0,"",I75-H75) -> 0.22104009 | J76: =IF(J75=0,"",J75-I75) -> 0.21001312 | K76: =IF(K75=0,"",K75-J75) -> 0.16407876 | L76: =IF(L75=0,"",L75-K75) -> 0.094896259 | M76: =IF(M75=0,"",M75-L75) -> 0.024003535
F77: 8 | G77: 0.078415558 | H77: 0.23387058 | I77: 0.42326059 | J77: 0.61578872 | K77: 0.78549634 | L77: 0.91186884 | M77: 0.98253604 | N77: 1
G78: =IF(G77=0,"",G77) -> 0.078415558 | H78: =IF(H77=0,"",H77-G77) -> 0.15545502 | I78: =IF(I77=0,"",I77-H77) -> 0.18939002 | J78: =IF(J77=0,"",J77-I77) -> 0.19252812 | K78: =IF(K77=0,"",K77-J77) -> 0.16970763 | L78: =IF(L77=0,"",L77-K77) -> 0.1263725 | M78: =IF(M77=0,"",M77-L77) -> 0.070667201 | N78: =IF(N77=0,"",N77-M77) -> 0.017463956
F79: 9 | G79: 0.064820315 | H79: 0.19519327 | I79: 0.35836879 | J79: 0.53160278 | K79: 0.69539774 | L79: 0.83325159 | M79: 0.93260705 | N79: 0.98683151 | O79: 1
G80: =IF(G79=0,"",G79) -> 0.064820315 | H80: =IF(H79=0,"",H79-G79) -> 0.13037295 | I80: =IF(I79=0,"",I79-H79) -> 0.16317552 | J80: =IF(J79=0,"",J79-I79) -> 0.17323399 | K80: =IF(K79=0,"",K79-J79) -> 0.16379496 | L80: =IF(L79=0,"",L79-K79) -> 0.13785384 | M80: =IF(M79=0,"",M79-L79) -> 0.099355458 | N80: =IF(N79=0,"",N79-M79) -> 0.054224468 | O80: =IF(O79=0,"",O79-N79) -> 0.013168485
F81: 10 | G81: 0.054633069 | H81: 0.16568806 | I81: 0.30739951 | J81: 0.46241218 | K81: 0.61578872 | L81: 0.75445918 | M81: 0.86754142 | N81: 0.94713526 | O81: 0.98978284 | P81: 1
G82: =IF(G81=0,"",G81) -> 0.054633069 | H82: =IF(H81=0,"",H81-G81) -> 0.11105499 | I82: =IF(I81=0,"",I81-H81) -> 0.14171145 | J82: =IF(J81=0,"",J81-I81) -> 0.15501267 | K82: =IF(K81=0,"",K81-J81) -> 0.15337653 | L82: =IF(L81=0,"",L81-K81) -> 0.13867047 | M82: =IF(M81=0,"",M81-L81) -> 0.11308224 | N82: =IF(N81=0,"",N81-M81) -> 0.079593838 | O82: =IF(O81=0,"",O81-N81) -> 0.042647585 | P82: =IF(P81=0,"",P81-O81) -> 0.010217157
F83: 11 | G83: 0.046783101 | H83: 0.14264962 | I83: 0.26675699 | J83: 0.40548766 | K83: 0.54715433 | L83: 0.68135549 | M83: 0.79903114 | N83: 0.89281277 | O83: 0.9576446 | P83: 0.99188564 | Q83: 1
G84: =IF(G83=0,"",G83) -> 0.046783101 | H84: =IF(H83=0,"",H83-G83) -> 0.095866522 | I84: =IF(I83=0,"",I83-H83) -> 0.12410737 | J84: =IF(J83=0,"",J83-I83) -> 0.13873067 | K84: =IF(K83=0,"",K83-J83) -> 0.14166666 | L84: =IF(L83=0,"",L83-K83) -> 0.13420116 | M84: =IF(M83=0,"",M83-L83) -> 0.11767566 | N84: =IF(N83=0,"",N83-M83) -> 0.093781626 | O84: =IF(O83=0,"",O83-N83) -> 0.064831829 | ... Q84: =IF(Q83=0,"",Q83-P83) -> 0.0081143595
F85: 12 | G85: 0.04059299 | H85: 0.12429831 | I85: 0.23387058 | J85: 0.35836879 | K85: 0.48846505 | L85: 0.61578872 | M85: 0.73286196 | N85: 0.83325159 | O85: 0.91186884 | P85: 0.96545427 | Q85: 0.99342937 | R85: 1
G86: =IF(G85=0,"",G85) -> 0.04059299 | H86: =IF(H85=0,"",H85-G85) -> 0.08370532 | I86: =IF(I85=0,"",I85-H85) -> 0.10957227 | J86: =IF(J85=0,"",J85-I85) -> 0.12449822 | K86: =IF(K85=0,"",K85-J85) -> 0.13009626 | L86: =IF(L85=0,"",L85-K85) -> 0.12732366 | M86: =IF(M85=0,"",M85-L85) -> 0.11707324 | N86: =IF(N85=0,"",N85-M85) -> 0.10038963 | O86: =IF(O85=0,"",O85-N85) -> 0.078617255 | ... R86: =IF(R85=0,"",R85-Q85) -> 0.0065706313

Sheet BDI_SERV
T1: 17.25
B2: PROJETOS BÁSICO E EXECUTIVO DO LOTEAMENTO NOVO HORIZONTE
B3: PREFEITURA MUNIC. DE ELDORADO DO SUL / RS - SECRET. MUNIC. OBRAS E INFRAESTRUT.
B4: COMPOSIÇÃO DA PARCELA DE BDI SERVIÇOS- SEM DESONERAÇÃO
B5: Utilizado como referência: ACÓRDÃO Nº 2622/2013 – TCU – Plenário
B7: Despesas Indiretas | D7: % sobre PV | E7: % sobre CD
B8: Admininstração Central | C8: Variável - f (CD) | D8: 3.8 | E8: =D8*(1+$E$21/100) -> 4.642144 | G8: =D8% -> 0.038
B9: Despesas Financeiras | C9: 0,51% sobre (PV - Lucro) | D9: 1.12 | E9: =D9*(1+$E$21/100) -> 1.3682109 | G9: =D9% -> 0.0112
B10: Seguros e Garantias Contratuais | C10: 0,25% do PV | D10: 0.32 | E10: =D10*(1+$E$21/100) -> 0.39091739 | G10: =D10% -> 0.0032
B11: Riscos | C11: 0,50% do PV | D11: 0.5 | E11: =D11*(1+$E$21/100) -> 0.61080842 | G11: =D11% -> 0.005
B12: Subtotal 1 | D12: =SUM(D8:D11) -> 5.74 | E12: =SUM(E8:E11) -> 7.0120807
B13: Benefícios | D13: % sobre PV | E13: % sobre CD
B14: Lucro | C14: Variável - f (CD) | D14: 6.64 | E14: =D14*(1+$E$21/100) -> 8.1115359 | G14: =D14% -> 0.0664
B15: Subtotal 2 | D15: =SUM(D14) -> 6.64 | E15: =SUM(E14) -> 8.1115359
B16: Tributos | D16: % sobre PV | E16: % sobre CD
B17: PIS | C17: 0,65% do PV | D17: 0.65 | E17: =D17*(1+$E$21/100) -> 0.79405095 | G17: =D17% -> 0.0065
B18: COFINS | C18: 3,00% do PV | D18: 3 | E18: =D18*(1+$E$21/100) -> 3.6648505 | G18: =D18% -> 0.03
B19: ISSQN | C19: 4,00% do PV | D19: 4 | E19: =D19*(1+$E$21/100) -> 4.8864674 | G19: =D19% -> 0.04
B20: Subtotal 3 | D20: =SUM(D17:D19) -> 7.65 | E20: =SUM(E17:E19) -> 9.3453689 | G20: =D20% -> 0.0765
B21: Total - BDI (%) | D21: =SUM(D12,D15,D20) -> 20.03 | E21: =G21 -> 22.161685 | G21: =((((1+(G8+G10+G11))*((1+G9)*(1+G14)))/(1-G20))-1)*100 -> 22.161685
B22: Custo Direto - CD | D22: =100-D21 -> 79.97
D23: =SUM(D21:D22) -> 100
B24: BDI COM IMPOSTOS (%) | D24: =D21 -> 20.03 | E24: =ROUND(E21,2) -> 22.16 | G24: =((((1+D8/100+D10/100+D11/100)*(1+D9/100)*(1+D14/100))/(1-D20/100))-1)*100 -> 22.161685
D25: =ROUND(D24%,4) -> 0.2003 | E25: =ROUND(E24%,4) -> 0.2216
B26: PV = Preço de Venda
B27: CD = Custo Direto
B28: SELIC (Junho/2025) = 14,25 % a.a.
B29: DF = [(1+SELIC)^(1/12)-1] sobre (PV - Lucro), o que resulta em DF = 1,12 % sobre (PV - Lucro)
B31: Fórmula de Cálculo do BDI
B32: BDI = { [ (1+AC/100+S/100+R/100+G/100) x (1+DF/100) x (1+L/100) / (1-I/100)] -1} x 100
B34: OBS.:
D37: Percentual de BDI direto: | E37: =E38% -> 0.2216
E38: =E24 -> 22.16

Sheet BDI_FORN
B2: PROJETOS BÁSICO E EXECUTIVO DO LOTEAMENTO NOVO HORIZONTE
B3: PREFEITURA MUNIC. DE ELDORADO DO SUL / RS - SECRET. MUNIC. OBRAS E INFRAESTRUT.
B4: COMPOSIÇÃO DA PARCELA DE BDI FORNECIMENTO- SEM DESONERAÇÃO
B5: Utilizado como referência: ACÓRDÃO Nº 2622/2013 – TCU – Plenário
B7: Despesas Indiretas | D7: % sobre PV | E7: % sobre CD
B8: Admininstração Central | C8: Variável - f (CD) | D8: 3.45 | E8: =D8*(1+$E$21/100) -> 3.9770927 | G8: =D8% -> 0.0345
B9: Despesas Financeiras | C9: 0,51% sobre (PV - Lucro) | D9: 0.85 | E9: =D9*(1+$E$21/100) -> 0.97986341 | G9: =D9% -> 0.0085
B10: Seguros e Garantias Contratuais | C10: 0,25% do PV | D10: 0.48 | E10: =D10*(1+$E$21/100) -> 0.55333463 | G10: =D10% -> 0.0048
B11: Riscos | C11: 0,50% do PV | D11: 0.85 | E11: =D11*(1+$E$21/100) -> 0.97986341 | G11: =D11% -> 0.0085
B12: Subtotal 1 | D12: =SUM(D8:D11) -> 5.63 | E12: =SUM(E8:E11) -> 6.4901541
B13: Benefícios | D13: % sobre PV | E13: % sobre CD
B14: Lucro | C14: Variável - f (CD) | D14: 5.11 | E14: =D14*(1+$E$21/100) -> 5.8907082 | G14: =D14% -> 0.0511
B15: Subtotal 2 | D15: =SUM(D14) -> 5.11 | E15: =SUM(E14) -> 5.8907082
B16: Tributos | D16: % sobre PV | E16: % sobre CD
B17: PIS | C17: 0,65% do PV | D17: 0.65 | E17: =D17*(1+$E$21/100) -> 0.74930731 | G17: =D17% -> 0.0065
B18: COFINS | C18: 3,00% do PV | D18: 3 | E18: =D18*(1+$E$21/100) -> 3.4583414 | G18: =D18% -> 0.03
B19: ISSQN | C19: 4,00% do PV | D19: 0 | E19: =D19*(1+$E$21/100) -> 0 | G19: =D19% -> 0
B20: Subtotal 3 | D20: =SUM(D17:D19) -> 3.65 | E20: =SUM(E17:E19) -> 4.2076487 | G20: =D20% -> 0.0365
B21: Total - BDI (%) | D21: =SUM(D12,D15,D20) -> 14.39 | E21: =G21 -> 15.278048 | G21: =((((1+(G8+G10+G11))*((1+G9)*(1+G14)))/(1-G20))-1)*100 -> 15.278048
B22: Custo Direto - CD | D22: =100-D21 -> 85.61
D23: =SUM(D21:D22) -> 100
B24: BDI COM IMPOSTOS (%) | D24: =D21 -> 14.39 | E24: =ROUND(E21,2) -> 15.28 | G24: =((((1+D8/100+D10/100+D11/100)*(1+D9/100)*(1+D14/100))/(1-D20/100))-1)*100 -> 15.278048
D25: =ROUND(D24%,4) -> 0.1439 | E25: =ROUND(E24%,4) -> 0.1528
B26: PV = Preço de Venda
B27: CD = Custo Direto
B28: SELIC (Junho/2025) = 14,25 % a.a.
B29: DF = [(1+SELIC)^(1/12)-1] sobre (PV - Lucro), o que resulta em DF = 1,12 % sobre (PV - Lucro)
B31: Fórmula de Cálculo do BDI
B32: BDI = { [ (1+AC/100+S/100+R/100+G/100) x (1+DF/100) x (1+L/100) / (1-I/100)] -1} x 100
B34: OBS.:
D37: Percentual de BDI direto: | E37: =E38% -> 0.1528
E38: =E24 -> 15.28
